 Dungeon Crawl Stone Soup version 0.27-a0-1595-g0b823d0a13 (webtiles) character file.

Game seed: 12911832694550481740

28 gruber the Magician (level 3, -1/25 HPs)
             Began as a Gnoll Wanderer on July 20, 2021.
             Shot with a stone by a goblin (5 damage)
             ... led by Robin
             ... on level 2 of the Dungeon.
             The game lasted 00:01:27 (1162 turns).

gruber the Magician (Gnoll Wanderer)                Turns: 1162, Time: 00:01:28

Health: -1/25      AC:  5    Str: 10    XL:     3   Next: 12%
Magic:  11/11      EV: 11    Int: 11    God:
Gold:   32         SH:  0    Dex: 13    Spells: 15/16 levels left

rFire    . . .     SeeInvis .   m - +2 dagger (venom)
rCold    . . .     Faith    .   (no shield)
rNeg     . . .     Spirit   .   b - +0 robe
rPois    .         Reflect  .   k - +1 helmet
rElec    .         Harm     .   (no cloak)
rCorr    .         Rampage  .   h - +0 pair of gloves
Will     .....                  (no boots)
Stlth    +.........             (no amulet)
HPRegen  0.08/turn              l - ring of wizardry
MPRegen  0.12/turn              (no ring)

@: no status effects
A: fangs 1, strong nose, distributed training
a: no special abilities


You were on level 2 of the Dungeon.
You visited 1 branch of the dungeon, and saw 2 of its levels.

You collected 32 gold pieces.

Inventory:

Hand Weapons
 a - a +0 dagger
 f - a +0 vorpal spear
 m - a +2 dagger of venom (weapon)
Armour
 b - a +0 robe (worn)
 h - a +0 pair of gloves (worn)
 k - a +1 helmet (worn)
Jewellery
 l - a ring of wizardry (left hand)
Scrolls
 d - a scroll of teleportation {unknown}
 e - a scroll of enchant armour {unknown}
 i - a scroll of identify {unknown}
 n - a scroll of amnesia {unknown}
Potions
 c - a potion of lignification
 g - a potion of degeneration {unknown}
 j - a potion of cancellation {unknown}
 o - a potion of curing {unknown}


   Skills:
 + Level 0.6 Fighting
 + Level 0.6 Short Blades
 + Level 0.6 Long Blades
 + Level 0.6 Axes
 + Level 0.6 Maces & Flails
 + Level 0.6 Polearms
 + Level 0.6 Staves
 + Level 0.6 Slings
 + Level 0.6 Bows
 + Level 0.6 Crossbows
 + Level 0.6 Throwing
 + Level 0.6 Armour
 + Level 0.6 Dodging
 + Level 0.6 Stealth
 + Level 4.5 Shields
 + Level 0.6 Unarmed Combat
 + Level 7.1 Spellcasting
 + Level 0.4 Conjurations
 + Level 2.1 Hexes
 + Level 0.4 Summonings
 + Level 5.4 Necromancy
 + Level 0.4 Translocations
 + Level 0.4 Transmutations
 + Level 0.4 Fire Magic
 + Level 0.4 Ice Magic
 + Level 0.4 Air Magic
 + Level 0.4 Earth Magic
 + Level 2.1 Poison Magic
 + Level 0.8 Invocations
 + Level 0.6 Evocations


You had 15 spell levels left.
You knew the following spells:

 Your Spells              Type           Power      Damage    Failure   Level
a - Magic Dart            Conj           16%        1d3       6%          1

Your spell library contained the following spells:

 Spells                   Type           Power      Damage    Failure   Level
 Slow                     Hex            8%         N/A       4%          2
 Freeze                   Ice            16%        1d4       6%          1
 Blink                    Tloc           N/A        N/A       9%          2
 Call Imp                 Summ           4%         N/A       9%          2
 Mephitic Cloud           Conj/Pois/Air  6%         N/A       14%         3
 Conjure Flame            Conj/Fire      4%         6-21      16%         3
 Ozocubu's Armour         Ice            4%         N/A       16%         3


Dungeon Overview and Level Annotations

Branches:
Dungeon (2/15)

Altars:


Innate Abilities, Weirdness & Mutations

You have very sharp teeth.
Your uncanny sense of smell can sniff out nearby items.
Your experience applies equally to all skills.


Message History

Found a stone staircase leading down. 2 goblins come into view.
The goblin shouts! x2; You hear a shout! x3
The goblin unwields a +0 dagger.
The goblin wields a +1 hunting sling of flaming.
It bursts into flame!
The goblin shoots a stone.
The stone hits you. The stone burns you.
There are monsters nearby!
There are monsters nearby!
A goblin and a hobgoblin come into view.
Found a scroll labelled IKUAMU WOUGG.
The hobgoblin moves out of view.
The goblin closely misses you.
The magic dart hits the goblin.
The goblin is severely wounded.
The goblin shouts!
You hear a shout! x2
A goblin comes into view. It is wielding a +0 club.
The goblin hits you with a +0 dagger.
The goblin unwields a +1 hunting sling of flaming.
It stops flaming.
The goblin wields a +0 dagger.
The goblin closely misses you.
You hear a shout!
Unknown command.
You hear a shout!
There is a stone staircase leading down here.
You hit the goblin.
You kill the goblin!
A goblin comes into view. It is wielding a +0 club.
The goblin unwields a +0 dagger.
The goblin wields a +1 hunting sling of flaming.
It bursts into flame!
The goblin shoots a stone.
The stone hits you but does no damage.
Unknown command.
The goblin shoots a stone.
The stone hits you. The stone burns you.
The goblin shoots a stone.
The stone hits you. The stone burns you.
The goblin shoots a stone.
The stone hits you. The stone burns you.
The goblin shoots a stone.
The stone hits you.
* * * LOW HITPOINT WARNING * * *
The stone burns you.
* * * LOW HITPOINT WARNING * * *
The goblin shoots a stone.
The stone hits you.
You die...

### #.#########
#.........#
#.#######.# #.#
#.## #@#######..#
#.......##.#
#######g#<.#
###########.####.#
#.........#g.....##
#>............
#g#.......#.##
#.#######.... #g#
##.#


You could see a goblin.

Vanquished Creatures
  3 endoplasms (D:1)
  2 giant cockroaches (D:1)
  2 hobgoblins (D:1)
  5 jackals (D:1)
  A quokka (D:1)
  3 ball pythons (D:1)
  2 bats (D:1)
  A frilled lizard (D:1)
  2 goblins
  3 kobolds (D:1)
  2 rats (D:1)
26 creatures vanquished.

Notes
Turn   | Place    | Note
-------+----------+-------------------------------------------
     0 | D:1      | gruber the Gnoll Wanderer began the quest for the Orb.
     0 | D:1      | gruber set off with the following items: a +0 dagger, a +0
                  | robe, a potion of lignification; and the following spells
                  | available to memorise: Slow, Freeze, Magic Dart, Blink,
                  | Call Imp, Mephitic Cloud, Conjure Flame, Ozocubu's Armour
     0 | D:1      | Reached XP level 1. HP: 13/13 MP: 8/8
     2 | D:1      | Learned a level 1 spell: Magic Dart
   199 | D:1      | Reached XP level 2. HP: 7/19 MP: 1/10
   762 | D:1      | Reached XP level 3. HP: 21/25 MP: 11/11
  1162 | D:2      | Shot with a stone by a goblin

Illustrated notes

Levels and vault maps discovered:
D:1:      scummos_arrival_star, layout_basic, hangedman_feature_mirror
D:2:      layout_basic, hangedman_abyss_or_decor_lesser_grid, minmay_rat_hole,
          uniq_natasha, uniq_robin

Skill      XL: |  1 |
---------------+----+-----
Hexes          | 2 |  2.1
Poison Magic   | 2 |  2.1
Fighting       | |  0.6
Short Blades   | |  0.6
Long Blades    | |  0.6
Axes           | |  0.6
Maces & Flails | |  0.6
Polearms       | |  0.6
Staves         | |  0.6
Slings         | |  0.6
Bows           | |  0.6
Crossbows      | |  0.6
Throwing       | |  0.6
Armour         | |  0.6
Dodging        | |  0.6
Stealth        | |  0.6
Shields        | |  4.5
Unarmed Combat | |  0.6
Spellcasting   | |  7.1
Conjurations   | |  0.4
Summonings     | |  0.4
Necromancy     | |  5.4
Translocations | |  0.4
Transmutations | |  0.4
Fire Magic     | |  0.4
Ice Magic      | |  0.4
Air Magic      | |  0.4
Earth Magic    | |  0.4
Invocations    | |  0.8
Evocations     | |  0.6

Action                   || total
-------------------------++-------
Melee: Spear             ||    39
       Dagger            ||    17
       Bite              ||     3
 Cast: Magic Dart        ||    14
 Stab: Sleeping          ||     1
Armor: Robe              ||    21
Dodge: Dodged            ||    28

Table legend: (Time is in decaauts)
 A = Elapsed time spent in this place.
 B = Non-inter-level travel time spent in this place.
 C = Inter-level travel time spent in this place.
 D = Time resting spent in this place.
 E = Time spent auto-exploring this place.
 F = Levels seen in this place.
 G = Mean time per level.
                   A        B        C        D        E       F      G
               +--------+--------+--------+--------+--------+-----+--------+
         Total |   1163 |   1074 |     89 |      0 |    884 |   2 |  581.5 |
       Dungeon |   1163 |   1074 |     89 |      0 |    884 |   2 |  581.5 |
               +--------+--------+--------+--------+--------+-----+--------+

Top non-repeatable levels by time:
     D:1: 1111 daAuts
     D:2: 51 daAuts
